 Dungeon Crawl Stone Soup version 0.23.0 (webtiles) character file.

Game seed: 16905118973261032780

653 Infinimo the Insei (level 7, -1/36 HPs)
             Began as a Vine Stalker Transmuter on Feb 16, 2019.
             Splashed by a jelly's acid (6 damage)
             ... on level 6 of the Dungeon.
             The game lasted 00:06:38 (4388 turns).

Infinimo the Insei (Vine Stalker Transmuter)        Turns: 4388, Time: 00:06:38

Health: -1/36      AC: -7    Str: 14    XL:     7   Next: 54%
Magic:  0/11       EV: 12    Int: 13    God:
Gold:   277        SH:  0    Dex: 15    Spells: 6/10 levels left

rFire    . . .     SeeInvis .     - Unarmed
rCold    + . .     Gourm    .   (no shield)
rNeg     . . .     Faith    .   b - +0 robe
rPois    .         Spirit   +   (no helmet)
rElec    .         Reflect  .   f - +0 cloak
rCorr    .         Harm     .   h - +1 pair of gloves
MR       .....                  (no boots)
Stlth    +.........             (no amulet)
HPRegen  0.52/turn              p - ring of protection from cold
MPRegen  0.12/turn              (no ring)

@: corroded
A: fangs 2, regeneration 1, magic shield, antimagic bite, no potion heal 3, rot
immunity
a: no special abilities


You were on level 6 of the Dungeon.
You were not hungry.

You visited 1 branch of the dungeon, and saw 6 of its levels.

You collected 277 gold pieces.

Inventory:

Missiles
 a - 12 arrows
Armour
 b - a +0 robe (worn)
 f - a +0 cloak (worn)
 h - a +1 pair of gloves (worn)
Jewellery
 p - a ring of protection from cold (left hand)
Scrolls
 c - 4 scrolls of identify
 m - 3 scrolls of enchant weapon
 r - a scroll of teleportation
Potions
 e - 3 potions of curing
 g - a potion of invisibility
 i - a potion of flight
 j - a potion of berserk rage
 k - 2 potions of lignification
 l - a potion of brilliance
 t - a potion of degeneration
Comestibles
 d - 10 rations
 n - 2 chunks of flesh


   Skills:
 + Level 3.5 Fighting
 - Level 1.5 Dodging
 * Level 6.4 Unarmed Combat
 - Level 2.1 Spellcasting
 + Level 4.3 Transmutations


You had 6 spell levels left.
You knew the following spells:

 Your Spells              Type           Power        Failure   Level  Hunger
a - Beastly Appendage     Tmut           ##....       4%          1    ##.....
b - Spider Form           Tmut/Pois      #.........   30%         3    ####...

Your spell library contained the following spells:

 Spells                   Type           Power        Failure   Level  Hunger
 Sticks to Snakes         Tmut           ##......     6%          2    ###....
 Ice Form                 Ice/Tmut       #.......     71%         4    #####..
 Blade Hands              Tmut           ##........   75%         5    ######.


Dungeon Overview and Level Annotations

Branches:
Dungeon (6/15)
 Temple: D:4-7

Altars:

Shops:
D:5 *


Innate Abilities, Weirdness & Mutations

You have extremely sharp teeth.
Your natural rate of healing is unusually fast.
When hurt, damage is shared between your health and your magic reserves.
Your bite disrupts and absorbs the magic of your enemies.
Potions cannot restore your health.
You are immune to rotting.


Message History

The jelly hits you.
You are splashed with acid!
You punch the bullfrog zombie!
You destroy the bullfrog zombie!
The jelly hits you.
You are splashed with acid!
You are too injured to fight recklessly!
You are too injured to fight recklessly!
You are too injured to fight recklessly!
You are too injured to fight recklessly!
You are too injured to fight recklessly!
The acid corrodes you!
Your hands burn!
You bite the jelly. You drain its power.
You feel invigorated.
The jelly is moderately wounded.
Your hands burn!
The jelly is heavily wounded.
The jelly hits you. The acid corrodes you!
You are splashed with acid!
* * * LOW HITPOINT WARNING * * *
The jelly hits you.
* * * LOW HITPOINT WARNING * * *
The acid corrodes you!
You are splashed with acid!
You die...

#....####..# .....###+##
#..........## #..........
............## #..........
....#.......####..........
.. #....###...#...........
... ##...##
##...(..........
....#....# ###............
#..#....## ###J...........
#......## #.@.#..###....#
#.####...## #..###..#
#...# ##...#...# #..# #..#
###...## #..# ... ##....##
#..# #### ##......# #..#
#..####...###.# ..#
#.#..#...## ..# .#......##
.##


You could see a jelly.

Vanquished Creatures
  An orc warrior (D:5)
  A phantom (D:5)
  A scorpion (D:5)
  A howler monkey (D:4)
  A bullfrog zombie (D:6)
  A centaur skeleton (D:5)
  An iguana (D:5)
  Terence (D:3)
  Ijyb (D:3)
  2 worker ants
  A hound skeleton (D:5)
  4 gnolls (D:2)
  7 adders
  A shadow imp (D:5)
  2 oozes (D:1)
  An adder skeleton (D:4)
  2 worms
  2 leopard geckos
  7 orcs
  8 bats
  4 giant cockroaches
  5 goblins
  7 hobgoblins
  2 jackals (D:4)
  5 kobolds
  A ball python (D:3)
  6 frilled lizards
  A jackal skeleton (D:5)
  4 rats
81 creatures vanquished.

Notes
Turn   | Place    | Note
-------+----------+-------------------------------------------
     0 | D:1      | Infinimo the Vine Stalker Transmuter began the quest for
                  | the Orb.
     0 | D:1      | Reached XP level 1. HP: 9/9 MP: 4/4
    18 | D:1      | Reached skill level 1 in Fighting
    55 | D:1      | Reached XP level 2. HP: 10/14 MP: 4/6
   597 | D:1      | Reached XP level 3. HP: 18/18 MP: 7/7
   602 | D:1      | Learned a level 3 spell: Spider Form
  1635 | D:2      | Reached skill level 4 in Unarmed Combat
  1635 | D:2      | Gained mutation: Your natural rate of healing is unusually
                  | fast. [Vine Stalker growth]
  1635 | D:2      | Reached XP level 4. HP: 20/23 MP: 6/8
  1836 | D:3      | Noticed Terence
  1978 | D:3      | Killed Terence
  1978 | D:3      | Reached XP level 5. HP: 26/26 MP: 2/9
  2502 | D:3      | Noticed Ijyb
  2512 | D:3      | Killed Ijyb
  2894 | D:4      | Reached skill level 5 in Unarmed Combat
  2894 | D:4      | Reached XP level 6. HP: 15/32 MP: 6/10
  3376 | D:5      | Entered Level 5 of the Dungeon
  3455 | D:5      | Found Taonaaph's General Store.
  3567 | D:5      | Noticed a phantom
  3627 | D:5      | Killed a phantom
  3656 | D:5      | Reached XP level 7. HP: 32/36 MP: 9/11
  3786 | D:5      | Reached skill level 6 in Unarmed Combat
  4388 | D:6      | Splashed by a jelly's acid

Skill      XL: |  1  2  3  4  5  6  7 |
---------------+----------------------+-----
Fighting       | 1 2 3 |  3.5
Unarmed Combat | 4 5 6 |  6.4
Transmutations | 3 4 |  4.3
Dodging        | |  1.5
Spellcasting   | |  2.1

Action                   |  1- 3 |  4- 6 |  7- 9 || total
-------------------------+-------+-------+-------++-------
Melee: Unarmed           |    83 |   188 |    42 ||   313
       Bite              |    11 |    42 |     7 ||    60
       Punch             |     2 |     2 |       ||     4
 Cast: Spider Form       |     1 |     9 |     1 ||    11
  Use: Scroll            |     2 |     3 |     9 ||    14
 Stab: Sleeping          |     1 |     1 |     1 ||     3
  Eat: Chunk             |     1 |     6 |     3 ||    10
       Ration            |     1 |       |       ||     1
Armor: Robe              |    16 |    40 |     7 ||    63
       Skin              |       |     4 |     2 ||     6
Dodge: Dodged            |    67 |   123 |    27 ||   217
